 Dungeon Crawl Stone Soup version 0.17.0-24-gcfadda4 (webtiles) character file.

172 Ohshi the Conjurer (level 5, 0/28 HPs)
             Began as a Deep Elf Conjurer on Nov 17, 2015.
             Slain by a rat (2 damage)
             ... summoned by Eustachio
             ... on level 4 of the Dungeon.
             The game lasted 00:12:07 (2757 turns).

Ohshi the Conjurer (Deep Elf Conjurer)              Turns: 2757, Time: 00:12:08

Health: 0/28       AC:  3    Str:  5    XL:     5   Next: 27%
Magic:  0/13       EV: 13    Int: 21    God:
Gold:   191        SH:  0    Dex: 15    Spells: 4 memorised, 2 levels left

rFire  . . .     SeeInvis .     (no weapon)
rCold  . . .     Clarity  .     a - +0 robe
rNeg   . . .     SustAt   .     (no shield)
rPois  .         Gourm    .     n - +0 hat
rElec  .         Spirit   .     m - +0 cloak
rCorr  .         Warding  .     (no gloves)
rMut   .         Stasis   .     (no boots)
MR     .....                    (no amulet)
Stlth  ++........               (no ring)
                                (no ring)

@: not resistant to hostile enchantments, unstealthy
A: no striking features
a: no special abilities


You were on level 4 of the Dungeon.
You were not hungry.

You visited 1 branch of the dungeon, and saw 5 of its levels.

You collected 191 gold pieces.

Inventory:

Armour
 a - a +0 robe (worn)
 m - a +0 cloak (worn)
 n - a +0 hat (worn)
Wands
 q - a wand of cold (7)
Scrolls
 c - a scroll of enchant armour {unknown}
 d - 2 scrolls of random uselessness {unknown}
 h - 2 scrolls of noise {unknown}
 k - 3 scrolls of identify {unknown}
 l - 2 scrolls of fog {unknown}
 r - 2 scrolls of teleportation {unknown}
Potions
 e - 2 potions of ambrosia {unknown}
 g - a potion of lignification {unknown}
 j - 3 potions of curing {unknown}
 o - a potion of poison {unknown}
Books
 b - a book of Conjurations

   Spells                             Type                      Level
   a - Magic Dart                     Conjuration                  1
   b - Searing Ray                    Conjuration                  2
   c - Dazzling Spray                 Conjuration/Hexes            3
   d - Fulminant Prism                Conjuration/Hexes            4
   e - Iskenderun's Mystic Blast      Conjuration                  4
   f - Iskenderun's Battlesphere      Conjuration/Charms           5
Comestibles
 f - 7 fruits
 i - a meat ration
 p - 2 bread rations


   Skills:
 + Level 0.1 Fighting
 + Level 3.2 Dodging
 + Level 3.2 Stealth
 + Level 4.4 Spellcasting
 + Level 6.0 Conjurations


You had 2 spell levels left.
You knew the following spells:

 Your Spells              Type           Power        Failure   Level  Hunger
a - Magic Dart            Conj           ####         1%          1    None
b - Searing Ray           Conj           ####..       1%          2    #......
c - Dazzling Spray        Conj/Hex       ###.....     12%         3    ##.....
d - Iskenderun's Mystic   Conj           ####....     12%         4    ####...


Dungeon Overview and Level Annotations

Branches:
Dungeon (5/15)
 Temple: D:4-7

Altars:
Gozag

Annotations:
D:4 Eustachio
D:5 Menkaure


Message History

The ufetubus hits you but does no damage.
The crimson imp blinks!
Casting: Magic Dart
Confirm with . or Enter, or press ? or * to list all spells.
Aiming: Magic Dart
Press: ? - help, Shift-Dir - straight line, f/p - Eustachio
Aim: Eustachio, wielding a rapier and wearing a leather armour (almost dead)
The magic dart hits Eustachio.
Eustachio is almost dead.
The rat bites you but does no damage. Eustachio hits you with a rapier.
* * * LOW HITPOINT WARNING * * *
The ufetubus closely misses you. The ufetubus hits you.
* * * LOW HITPOINT WARNING * * *
You hit Eustachio.
Eustachio is almost dead.
The ufetubus closely misses you. The ufetubus hits you.
* * * LOW HITPOINT WARNING * * *
The white imp hits you but does no damage.
The rat bites you.
You die...

##..##. ....... ...... ####
#..##. ##..#####+###..##.
#......+.......#..
#@5....#.......#..
#@5r...#..(....'.. ..
#r5....#.......#.. #.
##r..###..###..##. ###..
#######r..###..###'###. .....
#..#.......#.........#.
......#..#.......'.........#.
.Z....#..#.......#.........#<
.....5'5.#.......#........##.
#5.#.......#.........##


You could see Eustachio, a crimson imp, 2 river rats, a white imp, an ufetubus,
a quokka and a rat.

Vanquished Creatures
  An orc priest (D:3)
  A gnoll (D:1)
  6 adders
  An ooze (D:2)
  3 worms
  A giant gecko (D:2)
  4 orcs
  2 giant cockroaches
  12 goblins
  2 hobgoblins
  3 jackals (D:1)
  6 kobolds
  3 quokkas
  A ball python (D:1)
  9 bats
  A giant newt (D:1)
  9 rats
65 creatures vanquished.

Notes
Turn   | Place    | Note
--------------------------------------------------------------
     0 | D:1      | Ohshi the Deep Elf Conjurer began the quest for the Orb.
     0 | D:1      | Reached XP level 1. HP: 10/10 MP: 6/6
   286 | D:1      | Reached XP level 2. HP: 15/15 MP: 6/8
   417 | D:1      | Reached skill level 5 in Conjurations
   735 | D:1      | Reached XP level 3. HP: 19/19 MP: 7/9
  1070 | D:2      | Found an opulent altar of Gozag.
  1324 | D:2      | Reached XP level 4. HP: 24/24 MP: 5/11
  1370 | D:2      | Learned a level 2 spell: Searing Ray
  1374 | D:2      | Learned a level 3 spell: Dazzling Spray
  1379 | D:2      | Learned a level 4 spell: Iskenderun's Mystic Blast
  2146 | D:3      | Reached XP level 5. HP: 25/28 MP: 4/13
  2451 | D:3      | Reached skill level 6 in Conjurations
  2709 | D:4      | Noticed Eustachio
  2729 | D:5      | Entered Level 5 of the Dungeon
  2729 | D:5      | Noticed Menkaure
  2757 | D:4      | Slain by a rat

Action                   |  1- 3 |  4- 6 || total
-------------------------+-------+-------++-------
Melee: Unarmed           |       |     1 ||     1
 Cast: Magic Dart        |    67 |    87 ||   154
       Dazzling Spray    |       |     2 ||     2
       Iskenderun's Myst |       |     1 ||     1
       Searing Ray       |       |     1 ||     1
  Eat: Bread ration      |       |     2 ||     2
